 Dungeon Crawl Stone Soup version 0.24.0-123-gd5b16e6ec5 (webtiles) character file.

Game seed: 905518217836562064, levelgen mode: deterministic

13 mrnguyen the Charmwright (level 2, -3/17 HPs)
             Began as a Tengu Skald on Feb 5, 2020.
             Killed by divine providence
             ... invoked by an orc priest
              (14 damage)
             ... on level 2 of the Dungeon.
             The game lasted 00:05:11 (458 turns).

mrnguyen the Charmwright (Tengu Skald)               Turns: 458, Time: 00:05:11

Health: -3/17      AC:  5    Str: 11    XL:     2   Next: 37%
Magic:  6/6        EV: 11    Int: 13    God:
Gold:   28         SH:  0    Dex: 13    Spells: 4/5 levels left

rFire    . . .     SeeInvis .   f - +2 short sword (flame)
rCold    . . .     Gourm    .   (no shield)
rNeg     . . .     Faith    .   e - +0 ring mail
rPois    .         Spirit   .   (helmet restricted)
rElec    .         Reflect  .   (no cloak)
rCorr    .         Harm     .   (no gloves)
MR       .....                  (boots unavailable)
Stlth    +.........             (no amulet)
HPRegen  0.05/turn              (no ring)
MPRegen  0.10/turn              (no ring)

@: no status effects
A: beak, talons 3
a: no special abilities


You were on level 2 of the Dungeon.
You were not hungry.

You visited 1 branch of the dungeon, and saw 2 of its levels.

You collected 28 gold pieces.

Inventory:

Hand Weapons
 a - a +0 falchion
 f - a +2 short sword of flaming (weapon)
 i - a +0 dagger
 j - a +0 spear
 k - a cursed -3 whip
Missiles
 c - 60 stones (quivered)
Armour
 b - a +0 leather armour
 e - a +0 ring mail (worn)
Scrolls
 h - a scroll of identify {unknown}
 l - a scroll of teleportation {unknown}
Potions
 g - a potion of mutation {unknown}
Comestibles
 d - a ration


   Skills:
 + Level 2.0 Fighting
 + Level 2.4 Long Blades
 + Level 1.3 Armour
 + Level 2.2 Dodging
 + Level 2.0 Spellcasting
 + Level 2.8 Charms


You had 4 spell levels left.
You knew the following spells:

 Your Spells              Type           Power        Failure   Level  Hunger
a - Infusion              Chrm           #...         19%         1    ##.....

Your spell library contained the following spells:

 Spells                   Type           Power        Failure   Level  Hunger
 Song of Slaying          Chrm           #.......     28%         2    ###....
 Shroud of Golubria       Chrm/Tloc      #.....       45%         2    ###....
 Regeneration             Chrm/Necr      #.........   71%         3    ####...
 Spectral Weapon          Hex/Chrm       #.......     71%         3    ####...


Dungeon Overview and Level Annotations

Branches:
Dungeon (2/15)

Altars:


Innate Abilities, Weirdness & Mutations

You have a beak for a mouth.
You have claws for feet.


Message History

Found 9 poisoned darts.
An adder and a quokka come into view.
The adder hisses angrily.
The adder moves out of view.
The quokka bites you but does no damage. x2
The quokka bites you.
The orc wizard gestures wildly while chanting.
The orc wizard flickers and vanishes!
Deactivating autopickup; reactivate with Ctrl-A.
The adder bites you. The quokka barely misses you. The adder misses you.
The quokka barely misses you. The adder bites you.
There is a stone staircase leading up here.
You can't go down here!
The adder bites you but does no damage. The quokka closely misses you.
The orc priest calls down the wrath of Beogh upon you.
Beogh smites you!
Ouch! That really hurt!
You die...

#.######.#.8...8.
.........#.......
#.#####..#o......#
#.#####o.#..o....#
.........#.8...8.#
.(####...#.......#
#...# ..o..# ##.S.##
$⌠o#
..###.@r..#######..#
...................#
....................#
..#.##.#.............)
# #. #.#.#............
. ..#.#............
####.#............
#.#.#.########.
#.#.#.#


You could see an orc priest, an adder and a quokka.

Vanquished Creatures
  2 goblins (D:1)
  A hobgoblin (D:1)
  4 kobolds (D:1)
  2 bats (D:1)
  2 frilled lizards (D:1)
  2 rats (D:1)
13 creatures vanquished.

Notes
Turn   | Place    | Note
-------+----------+-------------------------------------------
     0 | D:1      | mrnguyen the Tengu Skald began the quest for the Orb.
     0 | D:1      | Reached XP level 1. HP: 12/12 MP: 4/4
   171 | D:1      | Reached XP level 2. HP: 17/17 MP: 6/6
   458 | D:2      | Killed from afar by an orc priest

Levels and vault maps discovered:
D:1:      dpeg_arrival_houses_and_road, layout_loops_ring
D:2:      cheibrodos_pilgrimage, layout_basic, yredelemnul_altar_generic

Action                   || total
-------------------------++-------
Melee: Falchion          ||     6
       Short sword       ||    13
       Peck              ||     4
       Kick              ||     2
Armor: Leather armour    ||     3
       Ring mail         ||     8
Dodge: Dodged            ||    19
       Rpst.: Falchion   ||     3
